 Dungeon Crawl Stone Soup version 0.27.0-1-g7a089689b8 (webtiles) character file.

Game seed: 15155890604445495436

5404 pkoi the Fencer (level 10, -3/68 HPs)
             Began as a Minotaur Fighter on Aug 4, 2021.
             Was a Believer of Okawaru.
             Collided with a rock wall (11 damage)
             ... caused by a wretched star
             ... on level 2 of the Abyss.
             The game lasted 00:09:19 (7149 turns).

pkoi the Fencer (Minotaur Fighter)                  Turns: 7149, Time: 00:09:20

Health: -3/68      AC: 11    Str: 20      XL:     10   Next: 40%
Magic:  7/9        EV: 12    Int:  3 (5)  God:    Okawaru [**....]
Gold:   424        SH:  6    Dex:  6      Spells: 9/9 levels left

rFire    . . .     SeeInvis .   a - +0 long sword (venom)
rCold    + . .     Faith    .   s - +0 buckler {reflect}
rNeg     + . .     Spirit   .   l - +2 ring mail {rC+}
rPois    .         Reflect  +   (helmet restricted)
rElec    .         Harm     .   B - +0 cloak
rCorr    .         Rampage  .   (no gloves)
Will     .....                  (no boots)
Stlth    ++........             (no amulet)
HPRegen  0.21/turn              h - ring of positive energy
MPRegen  0.11/turn              (no ring)

@: heroic, unable to read
A: horns 2, retaliatory headbutt, [clumsy 2], [frail 2], [weak 2], [inability to
read while threatened]
a: Renounce Religion, Heroism


You were on level 2 of the Abyss.
You worshipped Okawaru.
Okawaru was pleased with you.
You visited 2 branches of the dungeon, and saw 10 of its levels.
You visited the Abyss 1 time.
You also visited: Sewer.

You collected 424 gold pieces.

Inventory:

Hand Weapons
 a - a +0 long sword of venom (weapon)
Missiles
 j - 7 javelins
 n - 16 poisoned darts
 t - a silver javelin (quivered)
 A - a throwing net
Armour
 c - a +1 kite shield
 l - a +2 ring mail of cold resistance (worn)
 s - a +0 buckler of reflection (worn)
 B - a +0 cloak (worn)
Jewellery
 h - a ring of positive energy (left hand)
 y - a +6 ring of dexterity
Wands
 i - a wand of paralysis (6)
 m - a wand of digging (4)
 r - a wand of iceblast (6)
 u - a wand of flame (15)
 x - a wand of charming (6)
 z - a wand of mindburst (15)
Scrolls
 f - 4 scrolls of teleportation
 o - 8 scrolls of enchant armour
 q - 3 scrolls of fear
 v - a scroll of identify
Potions
 b - 2 potions of curing
 d - 3 potions of heal wounds {unknown}
 e - 4 potions of haste
 g - 3 potions of cancellation {unknown}
 k - 2 potions of magic
 p - a potion of might


   Skills:
 + Level 7.3(12.3) Fighting
 - Level 15.0(20.0) Long Blades
 + Level 4.9(9.9) Throwing
 + Level 7.3(12.3) Armour
 + Level 3.1(8.1) Dodging
 + Level 7.2(12.2) Shields


You had 9 spell levels left.
You didn't know any spells.
Your spell library contained the following spells:

 Spells                   Type           Power      Damage    Failure   Level
 Magic Dart               Conj           0%         1d3       65%         1
 Call Imp                 Summ           0%         N/A       80%         2
 Static Discharge         Conj/Air       0%         N/A       80%         2
 Conjure Flame            Conj/Fire      0%         6-21      95%         3
 Ignite Poison            Fire/Tmut/Pois 0%         N/A       95%         3
 Mephitic Cloud           Conj/Pois/Air  0%         N/A       95%         3
 Sticky Flame             Conj/Fire      0%         2d3       100%        4
 Bolt of Magma            Conj/Fire/Erth 0%         4d4       100%        5


Dungeon Overview and Level Annotations

Branches:
Dungeon (9/15)             Temple (1/1) D:5           Sewer (visited)
   Lair: D:8-11         Orc: D:9-12

Altars:
Ashenzari
Cheibriados
Dithmenos
Elyvilon
Fedhas
Gozag
Hepliaklqana
Kikubaaqudgha
Makhleb
Nemelex Xobeh
Okawaru
Ru
Sif Muna
Vehumet
Wu Jian
Xom
Yredelemnul
The Shining One

Annotations:
D:7 2 runed translucent doors


Innate Abilities, Weirdness & Mutations

You have a pair of horns on your head.
You reflexively headbutt those who attack you in melee.
[You are very clumsy. (Dex -4)]
[You are very frail. (-20% HP)]
[You are very weak. (Str -4)]
[You sometimes lose the ability to read scrolls when taking damage.]


Message History

You slam into the rock wall!
* * * LOW HITPOINT WARNING * * *
Throw: 7 javelins
Press: ? - help, Q - select action, (/) - cycle Shift-Dir - straight line, f - wretched star
Aim: a wretched star (heavily damaged, 62% to hit)
Okay, then.
Unknown command.
Throw: 2 javelins (silver)
Press: ? - help, Q - select action, (/) - cycle Shift-Dir - straight line, f - wretched star
Aim: a wretched star (heavily damaged, 62% to hit, chaotic)
You throw a silver javelin.
The silver javelin closely misses the wretched star.
The wretched star glows turbulently.
The lance of force misses you.
Unknown command.
You hit the wretched star but do no damage.
The wretched star is heavily damaged.
Unknown command.
You hit the wretched star.
The wretched star is heavily damaged.
The wretched star pulses with an eldritch light!
You feel clumsy. x2
Unknown command.
You hit the wretched star.
The wretched star is heavily damaged.
Unknown command.
You gain the combat prowess of a mighty hero.
You hit the wretched star but do no damage.
The wretched star is heavily damaged.
You hit the wretched star but do no damage.
The wretched star is heavily damaged.
You hit the wretched star but do no damage.
Your headbutt misses the wretched star.
The wretched star is heavily damaged.
The wretched star glows turbulently.
The lance of force hits you!
* * * LOW HITPOINT WARNING * * *
You are knocked back by the lance of force.
You slam into the rock wall!
You die...

# .. . .. . ####. ####
. .## ## .### ...# .#.
.. .....#....#.. #
#.#. . #....# # ..
.##.# #....
#.......#.###...# ##
... #.##.....## .##. .
#..@##..#.## .# #
#...##.*.#...#. # .
#.##....#...#.#..##..#
##.#.#....# ..# #.#
####.###.. .# .. ##.
### . ... #. # . . ##
# # #.# . .


You could see a wretched star.

Vanquished Creatures
  Maurice (D:8)
  Maggie (D:8)
  3 yaks (D:8)
  A water moccasin (D:5)
  An ice beast (D:7)
  3 black bears
  2 orc warriors (D:7)
  3 ogres
  2 phantoms
  A centaur (D:7)
  4 bullfrogs
  2 scorpions
  A gnoll sergeant (D:8)
  A wyvern skeleton (D:7)
  A water moccasin skeleton (D:4)
  4 wights (D:8)
  A centaur zombie (D:6)
  A crimson imp (D:9)
  2 bullfrog zombies
  A jelly (D:5)
  3 orc priests
  2 hounds (D:7)
  Crazy Yiuf (D:7)
  4 iguanas
  5 orc wizards
  A killer bee zombie (D:8)
  A hound zombie (D:5)
  A howler monkey zombie (D:6)
  8 gnolls
  3 river rats (Sewer)
  8 adders
  2 shadow imps (D:5)
  A white imp (D:5)
  A worm (D:5)
  2 dart slugs
  12 orcs
  17 ball pythons
  5 endoplasms
  6 giant cockroaches
  8 goblins
  4 hobgoblins
  A quokka (D:5)
  4 bats
  3 frilled lizards
  5 kobolds
  31 rats
175 creatures vanquished.

Vanquished Creatures (others)
  An orc (D:7)
1 creature vanquished.

Grand Total: 176 creatures vanquished

Notes
Turn   | Place    | Note
-------+----------+-------------------------------------------
     0 | D:1      | pkoi the Minotaur Fighter began the quest for the Orb.
     0 | D:1      | Reached XP level 1. HP: 19/19 MP: 0/0
   117 | D:1      | Reached skill level 3 in Long Blades
   151 | D:1      | Reached XP level 2. HP: 25/26 MP: 1/1
   263 | D:1      | Reached skill level 4 in Long Blades
   465 | D:2      | Reached XP level 3. HP: 30/31 MP: 2/2
   622 | D:2      | Reached skill level 5 in Long Blades
   622 | D:2      | Reached XP level 4. HP: 33/39 MP: 3/3
  1338 | D:3      | Found a glowing golden altar of the Shining One.
  1366 | D:3      | You fall into a shaft and drop 3 floors!
  1373 | D:6      | Noticed a black bear
  1383 | D:6      | Killed a black bear
  1384 | D:6      | Reached skill level 6 in Long Blades
  1384 | D:6      | Reached skill level 1 in Throwing
  1384 | D:6      | Reached XP level 5. HP: 37/46 MP: 4/4
  1388 | D:6      | Reached XP level 6. HP: 39/52 MP: 5/5
  1549 | D:6      | Reached XP level 7. HP: 36/60 MP: 6/6
  1699 | D:5      | Entered Level 5 of the Dungeon
  1766 | D:5      | Reached skill level 5 in Armour
  1894 | D:4      | Reached skill level 5 in Fighting
  1894 | D:4      | Reached skill level 5 in Shields
  1932 | D:4      | Reached skill level 7 in Long Blades
  2262 | D:5      | Found a glowing drain.
  2280 | Sewer    | Entered a sewer
  2604 | Sewer    | Reached XP level 8. HP: 12/70 MP: 7/7
  2910 | D:5      | Identified a scroll of acquirement
  2910 | D:5      | Acquired a +0 buckler of reflection
  3489 | D:5      | Found a staircase to the Ecumenical Temple.
  3501 | Temple   | Entered the Ecumenical Temple
  3728 | Temple   | Became a worshipper of Warmaster Okawaru
  4325 | D:7      | Noticed a purple ugly thing
  4451 | D:7      | Reached skill level 1 in Dodging
  4553 | D:7      | Reached * piety under Okawaru
  4593 | D:7      | Reached skill level 8 in Long Blades
  4606 | D:6      | Reached skill level 14 in Long Blades
  4606 | D:6      | Reached XP level 9. HP: 7/78 MP: 8/8
  5111 | D:7      | Found a white marble altar of Elyvilon.
  5418 | D:7      | Found a runed translucent door.
  5419 | D:7      | Noticed Crazy Yiuf
  5464 | D:7      | Found a runed translucent door.
  5478 | D:7      | Reached XP level 10. HP: 84/84 MP: 9/9
  5528 | D:7      | Found a runed translucent door.
  5540 | D:7      | Found a shadowy altar of Dithmenos.
  5743 | D:8      | Reached ** piety under Okawaru
  5977 | D:8      | Reached skill level 15 in Long Blades
  6294 | D:8      | Noticed Maggie
  6308 | D:8      | Killed Maggie
  6626 | D:8      | Noticed Maurice
  6640 | D:8      | Killed Maurice
  7022 | D:7      | Killed Crazy Yiuf
  7088 | D:9      | Noticed a wizard
  7104 | D:9      | Cast into level 2 of the Abyss (a wizard)
  7120 | Abyss:2  | Noticed a wretched star
  7125 | Abyss:2  | Got the Almanac of the Gliding Arsonist
  7149 | Abyss:2  | Collided with a rock wall

Illustrated notes

Levels and vault maps discovered:
D:1:      zaba_arrival_water, layout_basic
D:2:      minmay_inner_zag, layout_basic
D:3:      layout_basic, tso_oasis_becter
D:4:      layout_loops_ring, mainiacjoe_overflow_divided_tiny,
          mainiacjoe_overflow_boulevard, serial_shops, shop
D:5:      layout_basic, minmay_temple_entry_drinking_statues,
          portal_sewer_entry_f
D:6:      layout_gridville, minmay_diced_spiral
D:7:      lemuel_insect_pit, layout_cave_pools, mainiacjoe_overflow_alcove_2,
          mainiacjoe_overflow_surrounded_room, uniq_crazy_yiuf_cottage
D:8:      layout_basic, chequers_serial_rivers_small_a, minmay_misc_feat_alley,
          uniq_maurice, uniq_maggie
D:9:      layout_basic, serial_glass, glass_columns_c, glass_columns_a,
          dk_noncrumbling_4, lightli_wizard_tower
Temple:   regret_index_temple_generic_petals
Abyss:2:  base:
D:6

Skill      XL: |  1  2  3  4  5  6  7  8  9 10 |
---------------+-------------------------------+-----
Long Blades    | 3 4 5 6 7 14 15 | 15.0
Fighting       | 4 5 6 7 |  7.3
Throwing       | 1 2 3 4 |  4.9
Armour         | 4 5 6 7 |  7.3
Shields        | 4 5 6 7 |  7.2
Dodging        | 1 2 3 |  3.1

Action                   |  1- 3 |  4- 6 |  7- 9 | 10-12 || total
-------------------------+-------+-------+-------+-------++-------
Melee: Long sword        |    40 |    63 |   252 |   113 ||   468
       Headbutt          |     5 |    15 |    40 |    26 ||    86
Throw: Javelin           |       |       |       |     1 ||     1
Invok: Heroism           |       |       |       |     1 ||     1
  Use: Potion            |       |     1 |     4 |       ||     5
       Scroll            |       |     4 |     8 |     3 ||    15
Armor: Scale mail        |    12 |     7 |       |       ||    19
       Ring mail         |       |    17 |   128 |    11 ||   156
Dodge: Dodged            |    19 |    15 |   121 |    32 ||   187
Block: Kite shield       |    26 |    34 |   118 |       ||   178
       Buckler           |       |       |    19 |    14 ||    33
       Reflection        |       |       |     2 |     1 ||     3
       Rpst.: Long sword |     5 |     1 |    25 |    11 ||    42
